 Dungeon Crawl Stone Soup version 0.32-a0-656-g3542139ebd (webtiles) character file.

Game seed: 16476105983651507394

2016 Shayle the Conjurer (level 9, -4/48 (57) HPs)
             Began as a Coglin Alchemist on Mar 8, 2024.
             Was an Initiate of Gozag.
             Slain by an orc knight
             ... wielding a +0 halberd
              (18 damage)
             ... in a bailey.
             The game lasted 00:34:27 (7694 turns).

Shayle the Conjurer (Coglin Alchemist)              Turns: 7694, Time: 00:34:28

HP:   -4/48 (57)    AC:  4    Str:  9    XL:     9   Next: 23%
MP:   7/14          EV: 13    Int: 19    God:    Gozag
Gold: 125           SH:  0    Dex: 14    Spells: 5/15 levels left

rFire   + . .        c - +0 short sword {Carmen}
rCold   . . .        j - +3 war axe {Bongani}
rNeg    . . .        a - +0 robe
rPois   .            r - +0 helmet
rElec   .            (no cloak)
rCorr   .            (no gloves)
SInv    .            e - +0 pair of boots
Will    .....        (amulet unavailable)
Stlth   ++           (ring unavailable)
HPRegen 0.28/turn    (ring unavailable)
MPRegen 0.14/turn    (no gizmo)

%: no passive effects
@: gold aura, heavily drained, revved
A: off-hand wielding, slow wielding, warmup strikes, no jewellery, fire
resistance 1
a: Invent Gizmo, Renounce Religion, Potion Petition, Call Merchant, Bribe Branch


You were in a bailey.
You worshipped Gozag.
Gozag was aware of your devotion.
You visited 2 branches of the dungeon, and saw 8 of its levels.
You also visited: Sewer and Bailey.

You collected 504 gold pieces.
You paid 379 gold pieces to Gozag.

Inventory:

Hand Weapons
 c - a +0 short sword (weapon) {Carmen}
 h - a +2 flail of protection
 j - a +3 war axe (offhand) {Bongani}
 m - a +1 whip of electrocution
 s - a +0 antimagic falchion
 u - a +4 halberd of draining
Armour
 a - a +0 robe (worn)
 e - a +0 pair of boots (worn)
 n - a scarf of shadows
 r - a +0 helmet (worn)
Wands
 o - a wand of charming (2)
Scrolls
 f - 4 scrolls of immolation
 i - 2 scrolls of teleportation
 k - 3 scrolls of amnesia
 p - a scroll of revelation
Potions
 b - 2 potions of magic
 d - 3 potions of lignification
 q - a potion of heal wounds {unknown}
 t - a potion of invisibility {unknown}


   Skills:
 + Level 3.4 Armour
 - Level 3.8 Dodging
 - Level 1.5 Stealth
 + Level 3.5 Spellcasting
 + Level 5.0 Conjurations
 + Level 4.8 Ice Magic
 + Level 4.8 Air Magic
 - Level 3.5 Alchemy


You had 5 spell levels left.
You knew the following spells:

 Your Spells              Type           Power      Damage    Failure   Level
a - Sting                 Conj/Alch      76%        1d7       2%          1
b - Mercury Vapours       Alch/Air       38%        N/A       4%          2
c - Mephitic Cloud        Conj/Alch/Air  20%        N/A       7%          3
d - Olgreb's Toxic Radia  Alch           16%        N/A       34%         4

Your spell library contained the following spells:

 Spells                   Type           Power      Damage    Failure   Level
 Frozen Ramparts          Ice            42%        1d7       6%          3
 Apportation              Tloc           6%         N/A       14%         1
 Necrotise                Necr           12%        1d4       14%         1
 Sandblast                Erth           6%         2d5       14%         1
 Summon Small Mammal      Summ           12%        N/A       14%         1
 Stone Arrow              Conj/Erth      26%        3d8       16%         3
 Fulminant Prism          Conj/Alch      9%         3d7       24%         4
 Passwall                 Erth           3%         N/A       41%         3
 Volatile Blastmotes      Fire/Tloc      6%         2d10      41%         3
 Brom's Barrelling Bould  Conj/Erth      13%        2d4       45%         4
 Iskenderun's Mystic Bla  Conj/Tloc      13%        2d5       45%         4
 Freezing Cloud           Conj/Ice/Air   11%        6-21      47%         5
 Leda's Liquefaction      Alch/Erth      5%         N/A       56%         4
 Petrify                  Alch/Erth      10%        N/A       56%         4
 Sticky Flame             Fire/Alch      10%        2d5       56%         4
 Metabolic Englaciation   Hex/Ice        6%         N/A       83%         5


Dungeon Overview and Level Annotations

Branches:
Dungeon (7/15)             Temple (1/1) D:5           Sewer (visited)
 Bailey (1/1)

Altars:
Ashenzari
Cheibriados
Dithmenos
Elyvilon
Gozag
Hepliaklqana
Makhleb
Nemelex Xobeh
Okawaru
Qazlal
Ru
Trog
Uskayaw
Vehumet
Wu Jian
Yredelemnul
Zin

Shops:
D:2 (   D:5 *

Annotations:
D:6 Menkaure


Innate Abilities, Weirdness & Mutations

You can wield a second weapon in your off-hand.
It takes a long time for you to wield or remove held weapons.
Your first few attacks do less damage.
You cannot equip rings or amulets.
Your flesh is heat resistant. (rF+)


Message History

You hit the orc knight but do no damage.
The orc knight is no longer distracted by gold.
The orc knight is lightly wounded.
You catch the helpless orc knight completely off-guard!
You slash the orc knight with your +3 war axe!
The orc knight is engulfed in noxious fumes.
The orc knight appears confused.
You barely miss the orc knight with your +0 short sword.
The orc knight is moderately wounded.
You catch the helpless orc knight completely off-guard!
You hit the orc knight with your +3 war axe.
Okay, then.
The orc knight is engulfed in noxious fumes.
The orc knight appears confused.
There is an open door here.
Your gnoll is engulfed in noxious fumes.
Your gnoll appears confused.
You hit the orc knight with your +3 war axe.
The orc knight is moderately wounded.
You hit the orc knight with your +0 short sword.
The orc knight closely misses you.
Unknown command.
You hit the orc knight but do no damage.
The orc knight is heavily wounded.
You hit the orc knight with your +3 war axe.
The orc knight completely misses you.
Your gnoll is engulfed in noxious fumes.
Your gnoll appears confused.
You hit the orc knight with your +0 short sword.
The orc knight is heavily wounded.
You slash the orc knight with your +3 war axe!
The orc knight barely misses you. x2
You slash the orc knight with your +3 war axe!
The orc knight is severely wounded.
You catch the helpless orc knight completely off-guard!
You hit the orc knight with your +0 short sword.
The gnoll is no longer charmed.
The orc knight hits you with a +0 halberd!!
You die...
Your body crumbles into a pile of gold.

### ### '.#
##@#
#'##+##o##
#.....##
###....$###
#.'.$g°.'.#
###..$$.###
!# #!....##
#'#
#'##$##'##
#.#.#
#.###.#


You could see an orc knight (confused) and a gnoll (confused).

Vanquished Creatures
  A sky beast (D:6)
  2 ogres
  A centaur (D:5)
  A phantom (D:5)
  4 bullfrogs
  A gnoll sergeant (D:5)
  A scorpion (D:6)
  2 howler monkeys (D:4)
  3 bombardier beetles
  4 hounds (D:5)
  A jelly (D:6)
  2 orc priests
  A sleepcap (D:5)
  2 gnoll boudas
  An orc wizard (D:3)
  8 iguanas
  10 adders
  21 gnolls
  A shadow imp (D:5)
  4 ufetubi (D:5)
  A ribbon worm (D:3)
  13 dart slugs
  30 orcs
  2 endoplasms
  10 giant cockroaches
  10 goblins
  9 hobgoblins
  2 quokkas
  13 ball pythons
  6 bats
  10 frilled lizards
  6 kobolds
  7 rats
190 creatures vanquished.

Vanquished Creatures (others)
  A gnoll (Bailey)
  An orc (Bailey)
2 creatures vanquished.

Grand Total: 192 creatures vanquished

Notes
Turn   | Place    | Note
-------+----------+-------------------------------------------
     0 | D:1      | Shayle the Coglin Alchemist began the quest for the Orb.
     0 | D:1      | Reached XP level 1. HP: 13/13 MP: 3/3
    68 | D:1      | Reached skill level 1 in Conjurations
   224 | D:1      | Reached XP level 2. HP: 19/19 MP: 2/4
   567 | D:1      | Learned a level 2 spell: Mercury Vapours
  1190 | D:2      | Reached XP level 3. HP: 24/24 MP: 3/6
  1671 | D:2      | Found Noosch's Weapon Boutique.
  1817 | D:2      | Reached XP level 4. HP: 22/30 MP: 7/7
  1965 | D:3      | Reached skill level 1 in Ice Magic
  1965 | D:3      | Reached skill level 1 in Air Magic
  2007 | D:3      | Found a glowing drain.
  2038 | Sewer    | Entered a sewer
  2295 | Sewer    | Reached skill level 2 in Conjurations
  2295 | Sewer    | Reached XP level 5. HP: 10/35 MP: 8/8
  2400 | Sewer    | Learned a level 3 spell: Mephitic Cloud
  2631 | Sewer    | Reached XP level 6. HP: 36/41 MP: 0/10
  3177 | D:3      | Gained mutation: Your flesh is heat resistant. (rF+)
                  | [potion of mutation]
  3526 | D:2      | Learned a level 4 spell: Olgreb's Toxic Radiance
  3787 | D:4      | Reached XP level 7. HP: 41/46 MP: 11/11
  3933 | D:4      | Reached skill level 3 in Conjurations
  4826 | D:5      | Entered Level 5 of the Dungeon
  5002 | D:5      | Reached skill level 1 in Armour
  5002 | D:5      | Reached XP level 8. HP: 40/52 MP: 1/12
  5235 | D:5      | Found Cinte Dei's Overcharged Wands.
  5372 | D:5      | Reached skill level 4 in Conjurations
  6174 | D:5      | Found a staircase to the Ecumenical Temple.
  6183 | Temple   | Entered the Ecumenical Temple
  6196 | Temple   | Became a worshipper of Gozag Ym Sagoz the Greedy
  6380 | D:6      | Reached XP level 9. HP: 43/57 MP: 8/13
  6783 | D:6      | Noticed Menkaure
  6910 | D:7      | Reached skill level 5 in Conjurations
  7025 | D:7      | Found a flagged portal.
  7067 | Bailey   | Entered a bailey
  7658 | Bailey   | Noticed an orc knight
  7694 | Bailey   | Slain by an orc knight

Illustrated notes

Levels and vault maps discovered:
D:1:      dpeg_arrival_windows_large_door, layout_basic, minmay_pentomino_p2
D:2:      layout_loops_corners, serial_shops, nicolae_diamond_shop,
          chequers_serial_rivers_room_b, grunt_decor_arrowhead
D:3:      layout_rooms, portal_sewer_entry_f, st_stairs_10
D:4:      layout_basic
D:5:      minmay_opposing_rooms, layout_rooms, minmay_temple_entry_fiery,
          nicolae_shop_overcharged_wands
D:6:      layout_loops_ring, uniq_menkaure, uniq_prince_ribbit1
D:7:      layout_loops_corners, enter_bailey_3, minmay_hedge_maze, uniq_maurice
Temple:   minmay_crystal_spiral_temple
Bailey:   bailey_polearm_nasty_gnolls, bailey

Skill      XL: |  1  2  3  4  5  6  7  8  9 |
---------------+----------------------------+-----
Conjurations   | 1 2 3 4 5 |  5.0
Dodging        | 2 3 |  3.8
Spellcasting   | 2 3 |  3.5
Ice Magic      | 1 2 3 4 |  4.8
Air Magic      | 1 2 3 4 |  4.8
Armour         | 1 3 |  3.4
Stealth        | |  1.5
Alchemy        | |  3.5

Action                     |  1- 3 |  4- 6 |  7- 9 || total
---------------------------+-------+-------+-------++-------
  Melee: Unarmed           |     4 |       |       ||     4
         Short sword       |    63 |   112 |   188 ||   363
         War axe           |    16 |   117 |   203 ||   336
   Cast: Sting             |    27 |     9 |     6 ||    42
         Mercury Vapours   |     3 |     6 |     5 ||    14
         Mephitic Cloud    |       |     7 |    39 ||    46
 Invoke: Potion Petition   |       |       |     1 ||     1
  Evoke: Wand              |       |       |    10 ||    10
    Use: Scroll            |     4 |     9 |     3 ||    16
         Potion            |       |     6 |     3 ||     9
   Stab: Sleeping          |     2 |     1 |     4 ||     7
         Confused          |       |     4 |    30 ||    34
 Armour: Robe              |    45 |   115 |   107 ||   267
  Dodge: Dodged            |    42 |   113 |   161 ||   316

Table legend: (Time is in decaauts)
 A = Elapsed time spent in this place.
 B = Non-inter-level travel time spent in this place.
 C = Inter-level travel time spent in this place.
 D = Time resting spent in this place.
 E = Time spent auto-exploring this place.
 F = Levels seen in this place.
 G = Mean time per level.
                   A        B        C        D        E       F      G
               +--------+--------+--------+--------+--------+-----+--------+
         Total |   7861 |   7734 |    127 |   1964 |   3359 |  10 |  786.1 |
       Dungeon |   6449 |   6322 |    127 |   1324 |   3359 |   7 |  921.3 |
        Temple |     20 |     20 |      0 |      0 |      0 |   1 |   20.0 |
         Sewer |    766 |    766 |      0 |    335 |      0 |   1 |  766.0 |
        Bailey |    624 |    624 |      0 |    305 |      0 |   1 |  624.0 |
               +--------+--------+--------+--------+--------+-----+--------+

Top non-repeatable levels by time:
     D:4: 1350 daAuts
     D:2: 1349 daAuts
     D:5: 1266 daAuts
     D:1: 938 daAuts
   Sewer: 766 daAuts
     D:3: 739 daAuts
     D:6: 625 daAuts
  Bailey: 624 daAuts
     D:7: 178 daAuts
  Temple: 20 daAuts
